 Seeded DCSS version 0.31-a0-229-g1fc7ce93e2 (webtiles) character file.

Game seed: 953446849472642719 (custom seed)

333 innerfire43 the Poker (level 6, -3/36 (49) HPs)
             Began as a Demonspawn Monk on July 6, 2023.
             Slain by Dowan
             ... wielding a +0 dagger
              (5 damage)
             ... on level 4 of the Dungeon.
             The game lasted 00:04:30 (2959 turns).

innerfire43 the Poker (Demonspawn Monk)             Turns: 2959, Time: 00:04:30

HP:   -3/36 (49)    AC:  4    Str: 12 (13) XL:     6   Next: 27%
MP:   0/24          EV: 13    Int: 11 (12) God:
Gold: 196           SH:  0    Dex: 14 (15) Spells: 5/5 levels left

rFire   + . .        m - +1 spear of Gaiff {speed, rF+ MP+9}
rCold   . . .        d - orb {light}
rNeg    . . .        b - +1 robe
rPois   +            (no helmet)
rElec   .            (no cloak)
rCorr   .            (no gloves)
SInv    .            (no boots)
Will    .....        (no amulet)
Stlth   +            h - ring of magical power
HPRegen 0.26/turn    t - ring of poison resistance
MPRegen 0.38/turn

%: guardian spirit
@: glowing, very heavily drained
A: magic shield, magic regeneration, sharp scales 1
a: no special abilities


You were on level 4 of the Dungeon.
You visited 1 branch of the dungeon, and saw 4 of its levels.

You collected 196 gold pieces.

Inventory:

Hand Weapons
 a - a +0 spear of freezing
 m - the +1 spear of Gaiff (weapon) {speed, rF+ MP+9}
   (You found it on level 2 of the Dungeon)

   rF:        It protects you from fire.
   MP:        It affects your magic capacity (+9).
Armour
 b - a +1 robe (worn)
 d - an orb of light (worn)
 o - a +0 helmet
Jewellery
 h - a ring of magical power (left hand)
 t - a ring of poison resistance (right hand)
Wands
 i - a wand of paralysis (10)
 q - a wand of acid (5)
 w - a wand of roots (6)
Scrolls
 f - 4 scrolls of brand weapon
 j - 2 scrolls of blinking
 l - a scroll of identify
 p - a scroll of poison {unknown}
 r - a scroll of fog {unknown}
 s - a scroll of revelation {unknown}
 v - a scroll of teleportation {unknown}
Potions
 c - a potion of ambrosia
 e - a potion of degeneration
 g - 2 potions of mutation {unknown}
 k - a potion of brilliance {unknown}
 n - a potion of might {unknown}
 u - a potion of haste {unknown}
 x - a potion of heal wounds {unknown}


   Skills:
 + Level 4.5 Fighting
 * Level 4.8 Polearms
 + Level 4.0 Dodging


You had 5 spell levels left.
You didn't know any spells.
Your spell library contained the following spells:

 Spells                   Type           Power      Damage    Failure   Level
 Frozen Ramparts          Ice            0%         1d1       71%         3
 Ice Form                 Ice/Tmut       0%         N/A       98%         4
 Summon Ice Beast         Ice/Summ       0%         N/A       98%         4


Dungeon Overview and Level Annotations

Branches:
Dungeon (4/15)
 Temple: D:4-7

Altars:

Annotations:
D:4 Dowan, Duvessa


Innate Abilities, Weirdness & Mutations

When hurt, damage is shared between your health and your magic reserves.
You regenerate magic rapidly.
You are partially covered in razor-sharp scales. (AC +1, Slay +1)


Message History

You feel drained. Dowan casts a spell at you. The puff of flame hits you.
You resist.
Unknown command.
You hit Duvessa but do no damage.
Duvessa is moderately wounded.
Duvessa barely misses you. Dowan hits you with a +0 dagger.
You puncture Dowan!
Dowan is moderately wounded.
Duvessa hits you with a +3 short sword of draining.
You feel drained.
You hit Dowan.
Dowan is heavily wounded.
Dowan hits you with a +0 dagger.
You hit Dowan.
Dowan is heavily wounded.
Duvessa hits you with a +3 short sword of draining!
You feel drained.
You completely miss Dowan.
Dowan is heavily wounded.
Duvessa barely misses you. Dowan casts a spell at you.
The puff of frost hits you!
You hit Dowan.
Dowan is severely wounded.
Duvessa hits you with a +3 short sword of draining!
* * * LOW HITPOINT WARNING * * *
You feel drained.
* * * LOW HITPOINT WARNING * * *
Unknown command.
It was a potion of degeneration.
There was something very wrong with that liquid.
You feel weakened.
You feel dopey.
You feel clumsy.
Duvessa hits you with a +3 short sword of draining.
* * * LOW HITPOINT WARNING * * *
You feel drained.
* * * LOW HITPOINT WARNING * * *
Dowan smirks and points a slender finger.
Dowan hits you with a +0 dagger!
You die...

....###.####
#### #.†..#
#..#.#
##.#.# #...#
###.# ##.#
###e.#
#e@.##
#......#
.......####
$...### ...
:. .


You could see Duvessa (fast) and Dowan.

Vanquished Creatures
  An ogre (D:4)
  Ijyb (D:4)
  An orc wizard (D:3)
  Robin (D:3)
  3 gnolls (D:2)
  2 adders (D:3)
  2 worms (D:2)
  4 dart slugs
  14 orcs (D:3)
  7 endoplasms
  2 giant cockroaches
  12 goblins
  9 hobgoblins
  11 jackals
  5 kobolds
  3 quokkas
  6 ball pythons
  7 bats
  7 frilled lizards
  11 rats
109 creatures vanquished.

Notes
Turn   | Place    | Note
-------+----------+-------------------------------------------
     0 | D:1      | innerfire43 the Demonspawn Monk began the quest for the
                  | Orb.
     0 | D:1      | Reached XP level 1. HP: 18/18 MP: 1/1
   223 | D:1      | Gained mutation: You regenerate magic rapidly. [demonic
                  | ancestry]
   223 | D:1      | Reached XP level 2. HP: 24/24 MP: 2/2
   602 | D:1      | Gained mutation: You are partially covered in razor-sharp
                  | scales. (AC +1, Slay +1) [demonic ancestry]
   602 | D:1      | Reached XP level 3. HP: 29/29 MP: 3/3
  1013 | D:2      | Identified the +1 spear of Gaiff {speed, rF+ MP+9}
  1462 | D:2      | Reached XP level 4. HP: 24/37 MP: 4/4
  1955 | D:3      | Noticed Robin
  1986 | D:3      | Killed Robin
  1987 | D:3      | Gained mutation: When hurt, damage is shared between your
                  | health and your magic reserves. [demonic ancestry]
  1987 | D:3      | Reached XP level 5. HP: 13/42 MP: 5/5
  2786 | D:4      | Noticed an ogre
  2798 | D:4      | Killed an ogre
  2799 | D:4      | Reached XP level 6. HP: 24/49 MP: 6/6
  2799 | D:4      | Noticed Ijyb
  2817 | D:4      | Killed Ijyb
  2939 | D:4      | Noticed Dowan
  2939 | D:4      | Noticed Duvessa
  2959 | D:4      | Slain by Dowan

Illustrated notes

Levels and vault maps discovered:
D:1:      lightli_arrival_lavapool, layout_loops_ring, minmay_hedge_maze
D:2:      layout_basic
D:3:      layout_loops_corners, kennysheep_crisscross, minmay_crystal_room,
          uniq_robin
D:4:      layout_rooms, uniq_ijyb, uniq_crazy_yiuf_cottage, uniq_natasha,
          uniq_duvessa

Skill      XL: |  1  2  3  4  5 |
---------------+----------------+-----
Polearms       | 3 4 |  4.8
Dodging        | 3 4 |  4.0
Fighting       | 4 |  4.5

Action                     |  1- 3 |  4- 6 || total
---------------------------+-------+-------++-------
  Melee: Spear             |   188 |   209 ||   397
    Use: Scroll            |     5 |       ||     5
         Potion            |       |     1 ||     1
 Armour: Robe              |    22 |    22 ||    44
  Dodge: Dodged            |    97 |    60 ||   157

Table legend: (Time is in decaauts)
 A = Elapsed time spent in this place.
 B = Non-inter-level travel time spent in this place.
 C = Inter-level travel time spent in this place.
 D = Time resting spent in this place.
 E = Time spent auto-exploring this place.
 F = Levels seen in this place.
 G = Mean time per level.
                   A        B        C        D        E       F      G
               +--------+--------+--------+--------+--------+-----+--------+
         Total |   2841 |   2802 |     39 |      0 |   2263 |   4 |  710.2 |
       Dungeon |   2841 |   2802 |     39 |      0 |   2263 |   4 |  710.2 |
               +--------+--------+--------+--------+--------+-----+--------+

Top non-repeatable levels by time:
     D:3: 944 daAuts
     D:1: 928 daAuts
     D:2: 790 daAuts
     D:4: 179 daAuts
